[ AOE2 MATCH · #473239933 ]
UnrankedChinese vs Wei
[ REPLAY ANALYSIS · EXTRACTED FROM THE RECORDED GAME ]
Feudal
13:52
Castle
24:53
Imperial
—
| APM avg | 35.9 |
| APM peak | 66 |
| eAPM avg | 11.4 |
| Villagers / military | 26 / 29 |
Focus
⚔️ 33.6% · 🌾 66.4%
Galley ×16 · Fishing Ship ×14 · Unknown (2626) ×14 · Fire Galley ×12 · Demolition Raft ×1
Feudal
10:26
Castle
16:35
Imperial
—
| APM avg | 13.9 |
| APM peak | 55 |
| eAPM avg | 7.6 |
| Villagers / military | 37 / 4 |
Focus
⚔️ 31.1% · 🌾 68.9%
Fishing Ship ×17 · Spearman ×4
Feudal
11:43
Castle
16:53
Imperial
—
| APM avg | 20.5 |
| APM peak | 76 |
| eAPM avg | 9.8 |
| Villagers / military | 44 / 9 |
Focus
⚔️ 25.6% · 🌾 74.4%
Unknown (1949) ×24 · Fishing Ship ×18 · Monk ×3 · Mangonel ×3 · Battering Ram ×3
Feudal
12:11
Castle
17:06
Imperial
—
| APM avg | 18.8 |
| APM peak | 48 |
| eAPM avg | 6.6 |
| Villagers / military | 31 / 22 |
Focus
⚔️ 30.9% · 🌾 69.1%
Fishing Ship ×16 · Samurai ×7 · Spearman ×5 · Battering Ram ×5 · Militia ×2 · Scout Cavalry ×2
Feudal
10:41
Castle
21:44
Imperial
—
| APM avg | 56.0 |
| APM peak | 86 |
| eAPM avg | 21.4 |
| Villagers / military | 43 / 37 |
Focus
⚔️ 44.3% · 🌾 55.7%
Knight ×16 · Fishing Ship ×15 · Scout Cavalry ×14 · Spearman ×3 · Battering Ram ×3 · Unknown (2626) ×3
Feudal
12:14
Castle
20:49
Imperial
—
| APM avg | 18.8 |
| APM peak | 48 |
| eAPM avg | 10.2 |
| Villagers / military | 37 / 5 |
Focus
⚔️ 33.0% · 🌾 67.0%
Fishing Ship ×7 · Spearman ×5
Feudal
13:33
Castle
22:14
Imperial
—
| APM avg | 24.0 |
| APM peak | 51 |
| eAPM avg | 12.6 |
| Villagers / military | 55 / 14 |
Focus
⚔️ 27.6% · 🌾 72.4%
Fishing Ship ×13 · Militia ×8 · Unknown (2626) ×7 · Knight ×2 · Mangonel ×2 · Monk ×1
Feudal
—
Castle
—
Imperial
—
| APM avg | 39.0 |
| APM peak | 93 |
| eAPM avg | 10.6 |
| Villagers / military | 32 / 24 |
Focus
⚔️ 33.7% · 🌾 66.3%
Galley ×23 · Unknown (2626) ×22 · Fishing Ship ×8 · Fire Galley ×1
Match map
Initial resources + every placement click. Lines = walls · curves = elevation contours. ◆ gold · ⬟ stone · ● berries · ✦ relic · ◌ wall gap
Your base
Cereal Killer's base
Franonymous's base
Monkey D. Luffy's base· Open — 2t gap
Puerco de Monte's base· Open — 2t gap
Bobo's base
Tame Alpaca's base
Amicoloro's base
Smoothed initial terrain · ◌ = detected wall gap · hover for details
Inputs per minute
— Hatsune_the_Triangle - - Cereal Killer
Build order — Hatsune_the_Triangle
129 actions detected in the replay
| 0:21 | Build | House |
| 0:22 | Build | House |
| 0:23 | Build | House |
| 2:33 | Build | Dock |
| 3:27 | Create | Fishing Ship |
| 5:24 | Build | Town Center |
| 5:31 | Create | Fishing Ship |
| 6:37 | Research | Loom |
| 6:40 | Create | Villager (Male) |
| 6:44 | Create | Fishing Ship |
| 7:26 | Create | Villager (Male) |
| 7:27 | Create | Villager (Male) |
| 7:28 | Create | Fishing Ship |
| 7:39 | Build | House |
| 7:40 | Build | House |
| 7:52 | Create | Villager (Male) |
| 8:09 | Create | Villager (Male) |
| 8:13 | Create | Fishing Ship |
| 8:32 | Create | Villager (Male) |
| 8:57 | Create | Villager (Male) |
| 8:58 | Create | Fishing Ship |
| 9:19 | Build | Lumber Camp |
| 9:37 | Create | Villager (Male) |
| 9:40 | Create | Fishing Ship |
| 10:07 | Create | Villager (Male) |
| 10:41 | Create | Villager (Male) |
| 10:42 | Create | Fishing Ship |
| 11:17 | Create | Villager (Male) |
| 11:34 | Build | Mining Camp |
| 11:38 | Research | Feudal Age |
| 11:47 | Build | Dock |
| 11:50 | Build | Dock |
| 11:58 | Create | Fishing Ship |
| 12:37 | Create | Fishing Ship |
| 12:37 | Create | Fishing Ship |
| 12:40 | Create | Fishing Ship |
| 13:52 | Age | Feudal Age |
| 13:55 | Research | Double-Bit Axe |
| 13:59 | Create | Fire Galley |
| 14:01 | Create | Unit 2626 |
| 14:40 | Create | Unit 2626 |
| 14:40 | Create | Galley |
| 14:41 | Create | Fire Galley |
| 14:55 | Create | Villager (Male) |
| 14:55 | Create | Villager (Male) |
| 14:56 | Create | Villager (Male) |
| 14:57 | Create | Villager (Male) |
| 15:15 | Build | Blacksmith |
| 15:20 | Create | Villager (Male) |
| 15:32 | Build | Stone Wall |
| 15:38 | Build | Stone Wall |
| 15:43 | Create | Galley |
| 15:44 | Create | Galley |
| 15:55 | Create | Unit 2626 |
| 16:11 | Create | Fire Galley |
| 16:19 | Research | Forging |
| 16:20 | Research | Fletching |
| 16:23 | Create | Galley |
| 16:23 | Create | Galley |
| 16:33 | Build | House |
| 16:33 | Build | House |
| 16:34 | Build | House |
| 16:34 | Build | House |
| 17:03 | Create | Fire Galley |
| 17:03 | Create | Fire Galley |
| 17:14 | Create | Unit 2626 |
| 17:21 | Create | Villager (Male) |
| 17:21 | Create | Villager (Male) |
| 17:33 | Research | Gold Mining |
| 17:36 | Create | Villager (Male) |
| 17:38 | Create | Unit 2626 |
| 18:15 | Create | Fishing Ship |
| 18:15 | Create | Fishing Ship |
| 18:16 | Research | Tech 906 |
| 18:20 | Create | Villager (Male) |
| 18:21 | Create | Villager (Male) |
| 18:37 | Create | Fire Galley |
| 18:37 | Create | Unit 2626 |
| 18:51 | Create | Villager (Male) |
| 19:13 | Build | Dock |
| 19:24 | Create | Fire Galley |
| 19:25 | Create | Unit 2626 |
| 19:25 | Create | Galley |
| 19:54 | Build | Dock |
| 19:56 | Create | Villager (Male) |
| 19:56 | Create | Villager (Male) |
| 19:56 | Create | Villager (Male) |
| 19:58 | Create | Galley |
| 19:58 | Create | Unit 2626 |
| 20:24 | Create | Unit 2626 |
| 20:24 | Create | Galley |
| 20:27 | Build | House |
| 20:27 | Build | House |
| 20:58 | Build | Mill |
| 21:38 | Build | Market |
| 22:13 | Research | Castle Age |
| 22:13 | Research | Castle Age |
| 22:38 | Create | Galley |
| 22:39 | Create | Galley |
| 22:51 | Build | Dock |
| 23:52 | Create | Fire Galley |
| 23:52 | Create | Galley |
| 24:17 | Build | Dock |
| 24:22 | Create | Unit 2626 |
| 24:22 | Create | Galley |
| 24:23 | Create | Fire Galley |
| 24:23 | Create | Demolition Raft |
| 24:53 | Age | Castle Age |
| 24:56 | Research | War Galley (upgrade) |
| 25:05 | Create | Fire Galley |
| 25:25 | Research | Iron Casting |
| 25:26 | Research | Bodkin Arrow |
| 25:35 | Create | Fire Galley |
| 25:36 | Create | Galley |
| 25:46 | Create | Fire Galley |
| 25:47 | Create | Unit 2626 |
| 25:47 | Create | Galley |
| 25:53 | Create | Galley |
| 25:53 | Create | Galley |
| 25:57 | Create | Villager (Male) |
| 26:01 | Build | Stone Wall |
| 26:05 | Build | Mining Camp |
| 26:18 | Build | House |
| 26:19 | Build | House |
| 26:39 | Build | Stone Wall |
| 26:41 | Build | Mining Camp |
| 26:52 | Create | Unit 2626 |
| 26:52 | Create | Unit 2626 |
| 27:24 | Create | Unit 2626 |
Build order — Cereal Killer
98 actions detected in the replay
| 1:11 | Build | Dock |
| 1:20 | Build | House |
| 2:28 | Create | Fishing Ship |
| 2:34 | Build | House |
| 3:12 | Build | Town Center |
| 3:41 | Create | Fishing Ship |
| 3:47 | Build | House |
| 4:24 | Create | Villager (Male) |
| 4:25 | Create | Villager (Male) |
| 4:25 | Create | Villager (Male) |
| 4:25 | Create | Villager (Male) |
| 4:27 | Research | Loom |
| 5:26 | Create | Fishing Ship |
| 5:26 | Create | Fishing Ship |
| 5:31 | Create | Fishing Ship |
| 6:13 | Create | Villager (Male) |
| 6:14 | Create | Villager (Male) |
| 6:14 | Create | Villager (Male) |
| 6:14 | Create | Villager (Male) |
| 6:16 | Create | Fishing Ship |
| 7:29 | Create | Fishing Ship |
| 7:29 | Create | Fishing Ship |
| 7:38 | Build | House |
| 7:39 | Build | House |
| 7:40 | Build | House |
| 7:41 | Build | House |
| 8:16 | Research | Feudal Age |
| 8:31 | Build | Mining Camp |
| 9:25 | Create | Fishing Ship |
| 10:12 | Create | Villager (Male) |
| 10:12 | Create | Villager (Male) |
| 10:26 | Age | Feudal Age |
| 10:32 | Build | Blacksmith |
| 10:35 | Build | Mill |
| 11:07 | Create | Villager (Male) |
| 11:20 | Build | Outpost |
| 11:43 | Build | Market |
| 11:52 | Research | Town Watch |
| 11:55 | Create | Fishing Ship |
| 12:29 | Create | Villager (Male) |
| 12:49 | Build | Stone Wall |
| 12:57 | Create | Villager (Male) |
| 13:02 | Create | Fishing Ship |
| 13:13 | Build | Building 487 |
| 13:55 | Research | Castle Age |
| 13:55 | Research | Castle Age |
| 14:16 | Build | Building 673 |
| 14:22 | Build | Stone Wall |
| 14:47 | Build | Palisade Wall |
| 14:51 | Build | Palisade Wall |
| 14:53 | Build | Palisade Wall |
| 14:54 | Build | Palisade Wall |
| 14:56 | Build | Palisade Wall |
| 14:58 | Build | Palisade Wall |
| 15:01 | Build | Palisade Wall |
| 15:03 | Build | Palisade Wall |
| 15:07 | Build | Palisade Wall |
| 15:16 | Create | Fishing Ship |
| 15:17 | Create | Fishing Ship |
| 15:49 | Build | Stone Wall |
| 15:52 | Build | Stone Wall |
| 15:53 | Build | Stone Wall |
| 16:08 | Build | Watch Tower |
| 16:35 | Age | Castle Age |
| 17:14 | Create | Villager (Male) |
| 17:14 | Create | Villager (Male) |
| 17:15 | Create | Villager (Male) |
| 17:27 | Build | Building 673 |
| 17:47 | Create | Fishing Ship |
| 17:48 | Create | Fishing Ship |
| 18:26 | Build | Barracks |
| 18:38 | Create | Fishing Ship |
| 18:39 | Create | Fishing Ship |
| 18:48 | Build | House |
| 18:50 | Build | House |
| 18:59 | Create | Villager (Male) |
| 18:59 | Create | Villager (Male) |
| 19:04 | Create | Spearman |
| 19:04 | Create | Spearman |
| 19:46 | Create | Spearman |
| 19:46 | Create | Spearman |
| 19:52 | Research | Pikeman (upgrade) |
| 21:25 | Build | Market |
| 21:32 | Create | Villager (Male) |
| 21:33 | Create | Villager (Male) |
| 22:31 | Build | Town Center |
| 23:08 | Create | Villager (Male) |
| 23:08 | Create | Villager (Male) |
| 24:26 | Build | Town Center |
| 25:12 | Create | Villager (Male) ×5 |
| 25:12 | Create | Villager (Male) ×5 |
| 25:17 | Research | Wheelbarrow |
| 25:51 | Create | Villager (Male) |
| 25:52 | Create | Villager (Male) |
| 25:52 | Create | Villager (Male) |
| 26:05 | Build | Mining Camp |
| 26:37 | Create | Villager (Male) |
| 26:37 | Create | Villager (Male) |
Build order — Franonymous
First 150 of 163 actions detected
| 1:25 | Build | Town Center |
| 1:41 | Build | House |
| 1:43 | Build | House |
| 2:12 | Create | Villager (Male) |
| 2:13 | Create | Villager (Male) |
| 2:13 | Create | Villager (Male) |
| 2:13 | Create | Villager (Male) |
| 2:13 | Create | Villager (Male) |
| 2:49 | Build | Dock |
| 3:30 | Create | Fishing Ship |
| 3:32 | Create | Fishing Ship |
| 3:38 | Create | Villager (Male) |
| 3:38 | Create | Villager (Male) |
| 4:03 | Build | House |
| 4:04 | Build | House |
| 4:06 | Build | House |
| 4:14 | Create | Villager (Male) |
| 4:14 | Create | Villager (Male) |
| 4:38 | Create | Villager (Male) |
| 4:38 | Create | Villager (Male) |
| 4:52 | Create | Fishing Ship |
| 4:56 | Create | Villager (Male) |
| 5:42 | Build | Dock |
| 5:58 | Build | Mining Camp |
| 6:07 | Research | Loom |
| 6:12 | Create | Fishing Ship |
| 6:32 | Build | Dock |
| 6:54 | Create | Fishing Ship |
| 6:55 | Create | Fishing Ship |
| 7:22 | Create | Fishing Ship |
| 7:22 | Create | Fishing Ship |
| 7:34 | Create | Fishing Ship |
| 8:03 | Build | Lumber Camp |
| 8:45 | Create | Fishing Ship |
| 8:46 | Create | Fishing Ship |
| 8:56 | Create | Fishing Ship |
| 9:20 | Create | Fishing Ship |
| 9:21 | Create | Fishing Ship |
| 9:33 | Research | Feudal Age |
| 9:33 | Research | Feudal Age |
| 9:54 | Build | Mill |
| 10:26 | Create | Villager (Male) |
| 10:26 | Create | Villager (Male) |
| 10:26 | Create | Villager (Male) |
| 10:27 | Create | Villager (Male) |
| 10:42 | Build | Barracks |
| 11:43 | Age | Feudal Age |
| 11:47 | Build | Blacksmith |
| 12:25 | Build | Market |
| 12:52 | Create | Villager (Male) |
| 12:52 | Create | Villager (Male) |
| 12:53 | Create | Villager (Male) |
| 12:59 | Build | Mining Camp |
| 13:10 | Build | House |
| 13:15 | Build | Palisade Wall |
| 13:52 | Build | House |
| 13:57 | Build | Palisade Wall |
| 14:00 | Research | Castle Age |
| 14:37 | Research | Double-Bit Axe |
| 14:42 | Research | Gold Mining |
| 15:02 | Create | Fishing Ship |
| 15:03 | Create | Fishing Ship |
| 15:03 | Create | Fishing Ship |
| 15:03 | Create | Fishing Ship |
| 15:14 | Create | Villager (Male) |
| 15:14 | Create | Villager (Male) |
| 15:14 | Create | Villager (Male) |
| 15:39 | Research | Stone Mining |
| 15:40 | Research | Stone Mining |
| 15:40 | Research | Stone Mining |
| 16:14 | Research | Horse Collar |
| 16:14 | Research | Horse Collar |
| 16:53 | Age | Castle Age |
| 16:55 | Build | Castle |
| 17:12 | Research | Tech 906 |
| 17:17 | Create | Villager (Male) |
| 17:17 | Create | Villager (Male) |
| 17:33 | Create | Monk |
| 17:33 | Create | Monk |
| 17:36 | Create | Monk |
| 17:39 | Create | Villager (Male) |
| 17:40 | Create | Villager (Male) |
| 17:40 | Create | Villager (Male) |
| 17:40 | Create | Villager (Male) |
| 18:18 | Build | Stable |
| 18:22 | Create | Unit 1949 |
| 18:22 | Create | Unit 1949 |
| 18:23 | Create | Unit 1949 |
| 18:42 | Research | Scale Barding Armor |
| 18:47 | Build | Farm |
| 18:48 | Build | Farm |
| 18:48 | Build | Farm |
| 18:48 | Build | Farm |
| 18:48 | Build | Farm |
| 19:41 | Build | Castle |
| 19:49 | Build | Mining Camp |
| 20:03 | Research | Fervor |
| 20:34 | Build | Siege Workshop |
| 20:40 | Research | Bow Saw |
| 20:44 | Research | Bloodlines |
| 21:22 | Research | Husbandry |
| 21:52 | Research | Heavy Plow |
| 21:57 | Build | Farm |
| 21:57 | Build | Farm |
| 21:57 | Build | Farm |
| 21:58 | Build | Farm |
| 21:58 | Build | Farm |
| 21:58 | Build | Farm |
| 21:58 | Build | Farm |
| 21:58 | Build | Farm |
| 21:59 | Build | Farm |
| 21:59 | Build | Farm |
| 21:59 | Build | Farm |
| 22:27 | Create | Battering Ram |
| 23:00 | Research | Chain Barding Armor |
| 23:01 | Research | Forging |
| 23:09 | Create | Villager (Male) |
| 23:09 | Create | Villager (Male) |
| 23:09 | Create | Villager (Male) |
| 23:10 | Create | Villager (Male) |
| 23:17 | Create | Battering Ram |
| 23:27 | Create | Unit 1949 |
| 23:27 | Create | Unit 1949 |
| 23:28 | Create | Unit 1949 |
| 24:31 | Create | Battering Ram |
| 24:34 | Create | Unit 1949 |
| 24:34 | Create | Unit 1949 |
| 24:35 | Create | Unit 1949 |
| 24:35 | Create | Unit 1949 |
| 24:38 | Create | Villager (Male) |
| 24:38 | Create | Villager (Male) |
| 24:38 | Create | Villager (Male) |
| 24:38 | Create | Villager (Male) |
| 24:39 | Create | Villager (Male) |
| 24:39 | Create | Villager (Male) |
| 24:39 | Create | Villager (Male) |
| 24:58 | Create | Unit 1949 |
| 24:58 | Create | Unit 1949 |
| 24:58 | Create | Unit 1949 |
| 25:23 | Research | Iron Casting |
| 25:23 | Research | Iron Casting |
| 25:54 | Create | Unit 1949 |
| 25:54 | Create | Unit 1949 |
| 25:54 | Create | Unit 1949 |
| 26:28 | Build | Castle |
| 26:31 | Build | Mining Camp |
| 26:35 | Create | Unit 1949 |
| 26:36 | Create | Unit 1949 |
| 26:36 | Create | Unit 1949 |
| 26:36 | Create | Unit 1949 |
Build order — Monkey D. Luffy
111 actions detected in the replay
| 0:29 | Build | Dock |
| 1:36 | Create | Fishing Ship |
| 1:48 | Build | House |
| 2:56 | Build | House |
| 3:00 | Create | Fishing Ship |
| 4:04 | Build | Town Center |
| 4:31 | Create | Fishing Ship |
| 4:31 | Create | Fishing Ship |
| 4:41 | Build | House |
| 4:48 | Build | House |
| 5:59 | Create | Villager (Male) |
| 5:59 | Create | Villager (Male) |
| 6:00 | Create | Villager (Male) |
| 6:00 | Create | Villager (Male) |
| 6:01 | Create | Villager (Male) |
| 6:02 | Create | Villager (Male) |
| 6:02 | Create | Villager (Male) |
| 6:07 | Create | Fishing Ship |
| 7:08 | Create | Fishing Ship |
| 7:08 | Create | Fishing Ship |
| 7:11 | Create | Villager (Male) |
| 7:48 | Create | Villager (Male) |
| 8:10 | Build | Mill |
| 9:11 | Create | Villager (Male) |
| 9:14 | Research | Loom |
| 9:15 | Research | Feudal Age |
| 9:19 | Create | Fishing Ship |
| 9:20 | Create | Fishing Ship |
| 10:24 | Create | Villager (Male) |
| 10:25 | Create | Villager (Male) |
| 10:36 | Build | Mining Camp |
| 10:57 | Create | Fishing Ship |
| 11:13 | Create | Villager (Male) |
| 11:59 | Build | House |
| 12:02 | Build | House |
| 12:11 | Age | Feudal Age |
| 12:18 | Build | Market |
| 12:28 | Build | Stone Wall |
| 12:41 | Build | Stone Wall |
| 13:00 | Create | Fishing Ship |
| 13:25 | Build | Building 673 |
| 13:36 | Create | Villager (Male) |
| 13:39 | Build | Blacksmith |
| 13:49 | Create | Villager (Male) |
| 14:15 | Research | Castle Age |
| 14:40 | Build | Mining Camp |
| 14:46 | Create | Villager (Male) |
| 14:46 | Create | Villager (Male) |
| 15:32 | Create | Fishing Ship |
| 15:32 | Create | Fishing Ship |
| 16:05 | Build | Barracks |
| 16:32 | Create | Villager (Male) |
| 17:04 | Build | Stable |
| 17:06 | Age | Castle Age |
| 17:14 | Create | Fishing Ship |
| 17:14 | Create | Fishing Ship |
| 17:55 | Create | Fishing Ship |
| 18:04 | Create | Villager (Male) |
| 18:09 | Create | Scout Cavalry |
| 18:13 | Build | House |
| 18:15 | Build | House |
| 18:18 | Build | House |
| 18:19 | Build | House |
| 18:20 | Build | House |
| 18:30 | Research | Wheelbarrow |
| 18:33 | Create | Villager (Male) |
| 19:02 | Create | Scout Cavalry |
| 20:07 | Create | Spearman |
| 20:07 | Create | Spearman |
| 20:20 | Research | Pikeman (upgrade) |
| 20:32 | Create | Villager (Male) |
| 20:32 | Create | Villager (Male) |
| 20:38 | Research | Forging |
| 22:00 | Build | Castle |
| 22:05 | Create | Villager (Male) |
| 22:05 | Create | Villager (Male) |
| 22:18 | Research | Man-at-Arms (upgrade) |
| 22:19 | Research | Gambesons |
| 22:20 | Create | Militia |
| 22:21 | Create | Militia |
| 22:48 | Create | Villager (Male) |
| 22:48 | Create | Villager (Male) |
| 23:02 | Build | Town Center |
| 23:17 | Build | Monastery |
| 23:31 | Create | Transport Ship |
| 23:46 | Create | Samurai |
| 23:46 | Create | Samurai |
| 23:47 | Create | Samurai |
| 23:47 | Create | Samurai |
| 23:54 | Create | Villager (Male) |
| 23:55 | Create | Villager (Male) |
| 24:31 | Build | Barracks |
| 24:35 | Research | Scale Mail Armor |
| 24:35 | Research | Iron Casting |
| 25:03 | Build | Siege Workshop |
| 25:09 | Research | Squires |
| 25:30 | Create | Villager (Male) |
| 25:31 | Create | Villager (Male) |
| 25:33 | Create | Villager (Male) |
| 25:36 | Create | Battering Ram |
| 25:36 | Create | Battering Ram |
| 25:39 | Create | Samurai |
| 25:39 | Create | Samurai |
| 25:40 | Create | Samurai |
| 25:46 | Build | Mining Camp |
| 26:22 | Create | Battering Ram |
| 26:22 | Create | Battering Ram |
| 26:26 | Create | Spearman |
| 26:26 | Create | Spearman |
| 26:26 | Create | Spearman |
| 26:54 | Create | Battering Ram |
Build order — Puerco de Monte
First 150 of 170 actions detected
| 0:13 | Build | House |
| 1:36 | Build | Town Center |
| 2:10 | Build | Dock |
| 2:25 | Create | Villager (Male) |
| 2:25 | Create | Villager (Male) |
| 2:25 | Create | Villager (Male) |
| 2:26 | Create | Villager (Male) |
| 2:54 | Build | House |
| 3:16 | Create | Fishing Ship |
| 3:44 | Create | Fishing Ship |
| 3:46 | Create | Villager (Male) |
| 4:09 | Create | Villager (Male) |
| 4:10 | Create | Villager (Male) |
| 4:19 | Create | Fishing Ship |
| 4:42 | Build | Mill |
| 4:51 | Create | Villager (Male) |
| 5:06 | Build | House |
| 5:10 | Research | Loom |
| 5:12 | Create | Fishing Ship |
| 5:27 | Create | Villager (Male) |
| 5:38 | Build | House |
| 5:52 | Create | Villager (Male) |
| 5:53 | Create | Fishing Ship |
| 6:09 | Build | House |
| 6:11 | Create | Villager (Male) |
| 6:27 | Create | Fishing Ship |
| 6:43 | Build | House |
| 6:57 | Create | Fishing Ship |
| 7:16 | Create | Villager (Male) |
| 7:29 | Create | Villager (Male) |
| 7:41 | Build | Mining Camp |
| 7:44 | Create | Villager (Male) |
| 7:49 | Create | Fishing Ship |
| 7:57 | Build | House |
| 8:05 | Build | House |
| 8:28 | Research | Feudal Age |
| 8:54 | Build | Barracks |
| 9:07 | Create | Fishing Ship |
| 9:49 | Create | Villager (Male) |
| 10:06 | Build | House |
| 10:41 | Age | Feudal Age |
| 10:46 | Build | Stable |
| 10:49 | Create | Spearman |
| 10:58 | Create | Spearman |
| 11:07 | Create | Villager (Male) |
| 11:10 | Create | Demolition Raft |
| 11:15 | Create | Unit 2626 |
| 11:22 | Create | Villager (Male) |
| 11:23 | Research | Gold Mining |
| 11:33 | Build | Stable |
| 11:34 | Create | Scout Cavalry |
| 11:41 | Create | Spearman |
| 11:58 | Create | Scout Cavalry |
| 12:16 | Build | House |
| 12:18 | Research | Bloodlines |
| 12:22 | Build | Market |
| 12:23 | Create | Villager (Male) |
| 12:32 | Create | Villager (Male) |
| 12:35 | Create | Scout Cavalry |
| 12:35 | Create | Scout Cavalry |
| 12:38 | Create | Scout Cavalry |
| 12:38 | Create | Scout Cavalry |
| 12:38 | Create | Scout Cavalry |
| 12:47 | Build | House |
| 12:53 | Build | Palisade Gate |
| 13:00 | Build | Blacksmith |
| 13:39 | Build | House |
| 13:39 | Build | House |
| 14:09 | Research | Scale Barding Armor |
| 14:09 | Research | Scale Barding Armor |
| 14:11 | Build | House |
| 14:15 | Build | Building 487 |
| 14:31 | Create | Villager (Male) |
| 14:36 | Create | Unit 2626 |
| 14:40 | Create | Villager (Male) |
| 15:04 | Build | Farm |
| 15:04 | Build | Farm |
| 15:05 | Build | Farm |
| 15:05 | Build | Farm |
| 15:05 | Build | Farm |
| 15:05 | Build | Farm |
| 15:06 | Build | Farm |
| 15:06 | Build | Farm |
| 15:06 | Build | Farm |
| 15:11 | Build | Dock |
| 15:59 | Create | Villager (Male) |
| 15:59 | Create | Villager (Male) |
| 16:14 | Build | Lumber Camp |
| 17:16 | Create | Villager (Male) |
| 17:16 | Create | Villager (Male) |
| 17:23 | Create | Unit 2626 |
| 17:44 | Create | Villager (Male) |
| 17:52 | Build | Stone Wall |
| 17:54 | Build | Building 490 |
| 18:29 | Create | Villager (Male) |
| 18:32 | Build | Farm |
| 18:33 | Build | Farm |
| 18:33 | Build | Farm |
| 18:54 | Build | Stone Wall |
| 18:58 | Build | Building 490 |
| 19:04 | Research | Castle Age |
| 19:11 | Create | Fishing Ship |
| 19:11 | Create | Fishing Ship |
| 19:16 | Build | House |
| 19:50 | Create | Scout Cavalry |
| 19:50 | Create | Scout Cavalry |
| 19:51 | Create | Scout Cavalry |
| 19:51 | Create | Scout Cavalry |
| 19:55 | Create | Scout Cavalry |
| 19:55 | Create | Scout Cavalry |
| 20:01 | Build | Stable |
| 21:44 | Age | Castle Age |
| 21:45 | Build | Stone Wall |
| 21:55 | Create | Scout Cavalry |
| 21:57 | Build | Building 490 |
| 22:18 | Research | Husbandry |
| 22:18 | Research | Husbandry |
| 22:19 | Research | Chain Barding Armor |
| 22:19 | Research | Chain Barding Armor |
| 22:20 | Create | Knight |
| 22:21 | Create | Knight |
| 22:21 | Create | Knight |
| 22:21 | Create | Knight |
| 22:22 | Create | Knight |
| 22:44 | Build | Siege Workshop |
| 22:45 | Create | Villager (Male) |
| 22:46 | Create | Villager (Male) |
| 22:59 | Create | Fishing Ship |
| 23:00 | Create | Fishing Ship |
| 23:00 | Create | Fishing Ship |
| 23:04 | Create | Fishing Ship |
| 23:21 | Create | Battering Ram |
| 23:38 | Build | Stable |
| 23:39 | Create | Villager (Male) |
| 23:39 | Create | Villager (Male) |
| 24:14 | Create | Knight |
| 24:14 | Create | Knight |
| 24:14 | Create | Knight |
| 24:15 | Create | Knight |
| 24:20 | Build | House |
| 24:21 | Build | House |
| 24:23 | Build | House |
| 24:24 | Build | House |
| 24:25 | Create | Villager (Male) |
| 24:27 | Create | Knight |
| 24:27 | Create | Knight |
| 24:51 | Create | Battering Ram |
| 24:56 | Create | Knight |
| 24:56 | Create | Knight |
| 25:18 | Create | Battering Ram |
Build order — Bobo
95 actions detected in the replay
| 0:31 | Build | House |
| 0:57 | Build | House |
| 1:16 | Build | Dock |
| 1:59 | Create | Fishing Ship |
| 2:04 | Create | Fishing Ship |
| 2:49 | Create | Fishing Ship |
| 4:26 | Create | Fishing Ship |
| 4:26 | Create | Fishing Ship |
| 4:50 | Build | Town Center |
| 4:54 | Build | House |
| 5:10 | Build | House |
| 5:49 | Build | House |
| 6:44 | Create | Villager (Male) |
| 6:44 | Create | Villager (Male) |
| 6:44 | Create | Villager (Male) |
| 6:45 | Create | Villager (Male) |
| 6:45 | Create | Villager (Male) |
| 6:45 | Create | Villager (Male) |
| 6:51 | Create | Fishing Ship |
| 7:29 | Create | Villager (Male) |
| 7:29 | Create | Villager (Male) |
| 7:30 | Create | Villager (Male) |
| 7:30 | Create | Villager (Male) |
| 7:30 | Create | Villager (Male) |
| 7:35 | Create | Fishing Ship |
| 8:05 | Build | Mill |
| 9:12 | Create | Villager (Male) |
| 9:51 | Research | Feudal Age |
| 10:35 | Build | Barracks |
| 10:44 | Build | Palisade Wall |
| 10:47 | Build | Palisade Wall |
| 10:55 | Build | Barracks |
| 10:59 | Create | Villager (Male) |
| 11:00 | Create | Villager (Male) |
| 11:15 | Build | House |
| 12:14 | Age | Feudal Age |
| 12:16 | Build | Palisade Wall |
| 12:52 | Create | Villager (Male) |
| 13:18 | Build | House |
| 13:32 | Research | Loom |
| 13:56 | Build | Lumber Camp |
| 13:58 | Create | Villager (Male) |
| 13:58 | Create | Villager (Male) |
| 14:23 | Build | House |
| 14:37 | Create | Villager (Male) |
| 14:45 | Build | Blacksmith |
| 15:10 | Research | Double-Bit Axe |
| 15:12 | Create | Villager (Male) |
| 15:57 | Build | Archery Range |
| 15:59 | Create | Villager (Male) |
| 16:01 | Create | Villager (Male) |
| 16:20 | Build | Mining Camp |
| 16:53 | Build | Market |
| 16:54 | Create | Villager (Male) |
| 16:55 | Create | Villager (Male) |
| 17:08 | Research | Stone Mining |
| 17:08 | Research | Stone Mining |
| 17:26 | Create | Villager (Male) |
| 18:03 | Research | Castle Age |
| 18:08 | Build | House |
| 18:09 | Build | House |
| 18:56 | Research | Gold Mining |
| 19:18 | Build | House |
| 19:22 | Create | Villager (Male) |
| 19:23 | Create | Villager (Male) |
| 20:08 | Build | House |
| 20:10 | Build | House |
| 20:12 | Build | House |
| 20:49 | Age | Castle Age |
| 20:52 | Build | Castle |
| 20:59 | Build | House |
| 21:08 | Build | House |
| 21:17 | Build | House |
| 21:30 | Build | House |
| 21:40 | Create | Spearman |
| 21:40 | Create | Spearman |
| 21:40 | Create | Spearman |
| 22:22 | Create | Villager (Male) |
| 22:22 | Create | Villager (Male) |
| 22:22 | Create | Villager (Male) |
| 22:23 | Create | Villager (Male) |
| 22:37 | Create | Villager (Male) |
| 22:46 | Research | Fletching |
| 23:05 | Create | Spearman |
| 23:05 | Create | Spearman |
| 23:39 | Build | Castle |
| 23:44 | Create | Villager (Male) |
| 23:44 | Create | Villager (Male) |
| 24:01 | Create | Villager (Male) |
| 25:48 | Build | Town Center |
| 26:44 | Create | Villager (Male) |
| 26:44 | Create | Villager (Male) |
| 26:44 | Create | Villager (Male) |
| 26:56 | Build | House |
| 26:58 | Build | House |
Build order — Tame Alpaca
First 150 of 182 actions detected
| 0:09 | Build | Dock |
| 0:39 | Build | House |
| 2:06 | Build | Town Center |
| 2:52 | Create | Villager (Male) |
| 2:52 | Create | Villager (Male) |
| 2:56 | Create | Villager (Male) |
| 3:03 | Build | House |
| 3:15 | Create | Villager (Male) |
| 3:22 | Create | Villager (Male) |
| 3:31 | Research | Loom |
| 3:32 | Create | Villager (Male) |
| 3:50 | Create | Villager (Male) |
| 3:58 | Create | Villager (Male) |
| 4:10 | Create | Fishing Ship |
| 4:31 | Create | Villager (Male) |
| 4:34 | Create | Villager (Male) |
| 4:49 | Create | Villager (Male) |
| 4:52 | Create | Fishing Ship |
| 5:12 | Build | House |
| 5:14 | Build | House |
| 5:29 | Create | Fishing Ship |
| 5:55 | Create | Villager (Male) |
| 6:00 | Build | House |
| 6:02 | Build | House |
| 6:06 | Create | Villager (Male) |
| 6:21 | Build | House |
| 6:23 | Build | House |
| 6:26 | Create | Villager (Male) |
| 6:30 | Create | Fishing Ship |
| 6:51 | Create | Villager (Male) |
| 6:57 | Build | House |
| 6:58 | Build | House |
| 7:03 | Create | Villager (Male) |
| 7:21 | Create | Villager (Male) |
| 7:31 | Build | Mining Camp |
| 7:39 | Create | Fishing Ship |
| 7:56 | Build | House |
| 8:06 | Create | Fishing Ship |
| 8:20 | Build | House |
| 8:26 | Build | House |
| 8:27 | Build | House |
| 8:33 | Create | Villager (Male) |
| 9:10 | Build | Mill |
| 9:14 | Create | Villager (Male) |
| 9:21 | Build | Mining Camp |
| 9:29 | Build | House |
| 9:33 | Build | House |
| 9:35 | Build | House |
| 9:37 | Create | Villager (Male) |
| 9:38 | Create | Villager (Male) |
| 9:41 | Create | Fishing Ship |
| 9:57 | Build | House |
| 10:00 | Build | House |
| 10:38 | Build | House |
| 10:41 | Build | House |
| 10:44 | Create | Villager (Male) |
| 10:52 | Build | Palisade Wall |
| 11:09 | Create | Fishing Ship |
| 11:16 | Build | Dock |
| 11:23 | Research | Feudal Age |
| 11:52 | Build | House |
| 12:04 | Build | Barracks |
| 12:11 | Build | Building 800 |
| 12:17 | Build | Palisade Wall |
| 12:31 | Create | Villager (Male) |
| 12:35 | Create | Fishing Ship |
| 12:35 | Create | Fishing Ship |
| 12:38 | Create | Fishing Ship |
| 12:49 | Create | Militia |
| 12:49 | Create | Militia |
| 12:56 | Build | Farm |
| 12:57 | Build | Farm |
| 12:57 | Build | Farm |
| 12:57 | Build | Farm |
| 12:58 | Build | Farm |
| 12:58 | Build | Farm |
| 12:58 | Build | Farm |
| 13:31 | Build | Lumber Camp |
| 13:33 | Age | Feudal Age |
| 13:40 | Research | Man-at-Arms (upgrade) |
| 13:40 | Create | Militia |
| 13:46 | Build | Watch Tower |
| 14:05 | Build | Watch Tower |
| 14:09 | Create | Villager (Male) |
| 14:09 | Create | Villager (Male) |
| 14:17 | Research | Gold Mining |
| 14:20 | Research | Arson |
| 14:20 | Research | Arson |
| 14:23 | Create | Villager (Male) |
| 14:35 | Create | Villager (Male) |
| 14:41 | Build | Building 804 |
| 14:47 | Build | Palisade Wall |
| 14:51 | Create | Villager (Male) |
| 14:59 | Build | Blacksmith |
| 15:04 | Create | Militia |
| 15:17 | Create | Villager (Male) |
| 15:31 | Research | Double-Bit Axe |
| 15:40 | Build | Farm |
| 15:40 | Build | Farm |
| 15:41 | Build | Farm |
| 15:41 | Build | Farm |
| 15:41 | Build | Farm |
| 15:42 | Create | Villager (Male) |
| 15:46 | Create | Militia |
| 15:51 | Research | Forging |
| 15:59 | Create | Demolition Raft |
| 16:09 | Create | Villager (Male) |
| 16:19 | Create | Villager (Male) |
| 16:24 | Build | Farm |
| 16:37 | Build | Watch Tower |
| 16:54 | Create | Villager (Male) |
| 16:56 | Research | Fletching |
| 17:03 | Build | House |
| 17:06 | Create | Villager (Male) |
| 17:30 | Create | Villager (Male) |
| 17:35 | Create | Villager (Male) |
| 17:41 | Build | Farm |
| 18:12 | Create | Villager (Male) |
| 18:19 | Create | Villager (Male) |
| 18:23 | Build | Market |
| 18:34 | Create | Unit 2626 |
| 18:36 | Create | Unit 2626 |
| 18:59 | Build | Dock |
| 19:31 | Research | Castle Age |
| 19:45 | Create | Villager (Male) |
| 19:51 | Research | Scale Mail Armor |
| 20:51 | Create | Fishing Ship |
| 20:51 | Create | Fishing Ship |
| 20:57 | Create | Villager (Male) |
| 21:10 | Create | Militia |
| 21:11 | Create | Militia |
| 21:16 | Research | Padded Archer Armor |
| 21:17 | Research | Scale Barding Armor |
| 21:55 | Build | Stable |
| 22:09 | Create | Unit 2626 |
| 22:10 | Create | Unit 2626 |
| 22:14 | Age | Castle Age |
| 22:34 | Build | Town Center |
| 22:58 | Build | Siege Workshop |
| 23:01 | Research | Bodkin Arrow |
| 23:20 | Create | Villager (Male) |
| 23:21 | Create | Villager (Male) |
| 23:34 | Create | Villager (Male) |
| 23:53 | Create | Villager (Male) |
| 24:01 | Create | Villager (Male) |
| 24:04 | Research | Pikeman (upgrade) |
| 24:04 | Research | Squires |
| 24:15 | Research | War Galley (upgrade) |
| 24:19 | Create | Unit 2626 |
| 24:25 | Create | Unit 2626 |
Build order — Amicoloro
129 actions detected in the replay
| 0:18 | Build | House |
| 0:19 | Build | House |
| 1:16 | Build | Dock |
| 2:23 | Build | Town Center |
| 3:20 | Create | Fishing Ship |
| 3:26 | Create | Villager (Male) |
| 3:26 | Create | Villager (Male) |
| 3:28 | Create | Villager (Male) |
| 3:28 | Create | Villager (Male) |
| 3:29 | Create | Villager (Male) |
| 3:29 | Create | Villager (Male) |
| 4:14 | Create | Fishing Ship |
| 4:54 | Create | Fishing Ship |
| 5:02 | Build | House |
| 5:24 | Create | Villager (Male) |
| 5:31 | Create | Villager (Male) |
| 5:52 | Create | Fishing Ship |
| 6:13 | Create | Villager (Male) |
| 6:37 | Create | Villager (Male) |
| 6:39 | Create | Fishing Ship |
| 6:44 | Build | House |
| 6:57 | Create | Villager (Male) |
| 7:19 | Create | Fishing Ship |
| 7:29 | Research | Loom |
| 7:58 | Research | Feudal Age |
| 8:31 | Create | Fishing Ship |
| 8:45 | Build | Dock |
| 8:56 | Build | House |
| 9:00 | Build | House |
| 9:01 | Build | House |
| 9:53 | Build | House |
| 10:03 | Create | Fishing Ship |
| 10:05 | Create | Villager (Male) |
| 10:14 | Build | Palisade Wall |
| 10:21 | Create | Unit 2626 |
| 10:21 | Create | Unit 2626 |
| 10:26 | Create | Unit 2626 |
| 10:36 | Create | Villager (Male) |
| 10:41 | Create | Unit 2626 |
| 10:41 | Create | Unit 2626 |
| 10:42 | Create | Unit 2626 |
| 10:57 | Build | House |
| 11:05 | Create | Villager (Male) |
| 11:57 | Create | Villager (Male) |
| 12:02 | Create | Villager (Male) |
| 12:08 | Build | Palisade Wall |
| 12:12 | Create | Villager (Male) |
| 12:44 | Create | Galley |
| 12:45 | Create | Galley |
| 12:49 | Create | Villager (Male) |
| 13:03 | Build | Mill |
| 13:13 | Build | Blacksmith |
| 13:38 | Create | Villager (Male) |
| 13:42 | Build | House |
| 13:43 | Build | House |
| 13:59 | Create | Unit 2626 |
| 13:59 | Create | Unit 2626 |
| 14:04 | Create | Villager (Male) |
| 15:02 | Create | Galley |
| 15:03 | Create | Galley |
| 15:03 | Create | Galley |
| 15:06 | Create | Villager (Male) |
| 15:18 | Create | Villager (Male) |
| 15:29 | Create | Galley |
| 15:29 | Create | Galley |
| 15:42 | Build | House |
| 16:19 | Create | Villager (Male) |
| 16:28 | Build | Market |
| 16:41 | Create | Villager (Male) |
| 17:19 | Create | Galley |
| 17:19 | Create | Galley |
| 17:21 | Create | Unit 2626 |
| 17:21 | Create | Unit 2626 |
| 17:26 | Create | Villager (Male) |
| 17:39 | Build | Lumber Camp |
| 17:41 | Research | Castle Age |
| 18:27 | Create | Unit 2626 |
| 18:42 | Create | Villager (Male) |
| 18:43 | Create | Villager (Male) |
| 18:45 | Build | Mining Camp |
| 18:50 | Build | Barracks |
| 19:40 | Create | Unit 2626 |
| 19:40 | Create | Unit 2626 |
| 19:41 | Create | Fire Galley |
| 19:44 | Create | Villager (Male) |
| 19:44 | Create | Villager (Male) |
| 20:06 | Build | Dock |
| 20:32 | Research | War Galley (upgrade) |
| 20:32 | Research | War Galley (upgrade) |
| 20:32 | Research | War Galley (upgrade) |
| 21:00 | Create | Unit 2626 |
| 21:00 | Create | Unit 2626 |
| 21:01 | Create | Galley |
| 21:01 | Create | Galley |
| 21:43 | Build | Stable |
| 22:10 | Create | Galley |
| 22:10 | Create | Galley |
| 22:12 | Create | Unit 2626 |
| 22:12 | Create | Unit 2626 |
| 22:23 | Build | House |
| 22:24 | Build | House |
| 22:26 | Build | House |
| 22:45 | Create | Unit 2626 |
| 22:45 | Create | Unit 2626 |
| 23:38 | Create | Galley |
| 23:38 | Create | Galley |
| 23:40 | Create | Unit 2626 |
| 23:40 | Create | Unit 2626 |
| 23:41 | Create | Unit 2626 |
| 24:09 | Create | Galley |
| 24:10 | Create | Galley |
| 24:10 | Create | Galley |
| 24:15 | Create | Villager (Male) |
| 24:19 | Build | House |
| 24:21 | Build | House |
| 24:22 | Build | House |
| 24:22 | Build | House |
| 25:45 | Create | Galley |
| 25:45 | Create | Galley |
| 25:45 | Create | Galley |
| 25:46 | Create | Galley |
| 25:46 | Create | Galley |
| 25:53 | Build | House |
| 25:55 | Create | Villager (Male) |
| 25:55 | Create | Villager (Male) |
| 26:10 | Build | Lumber Camp |
| 26:28 | Build | Mill |
| 26:57 | Build | University |
| 27:02 | Build | Lumber Camp |
Match timeline
| 0:09 | Tame Alpaca · first_building Dock |
| 0:29 | Monkey D. Luffy · first_building Dock |
| 1:11 | Cereal Killer · first_building Dock |
| 1:16 | Bobo · first_building Dock |
| 1:16 | Amicoloro · first_building Dock |
| 2:10 | Puerco de Monte · first_building Dock |
| 2:33 | Hatsune_the_Triangle · first_building Dock |
| 2:49 | Franonymous · first_building Dock |
| 8:54 | Puerco de Monte · first_building Barracks |
| 10:14 | Amicoloro · wall_segment Palisade Wall x3 |
| 10:26 | Cereal Killer · age_up feudal |
| 10:35 | Bobo · first_building Barracks |
| 10:41 | Puerco de Monte · age_up feudal |
| 10:42 | Franonymous · first_building Barracks |
| 10:44 | Bobo · wall_segment Palisade Wall x2 |
| 10:46 | Puerco de Monte · first_building Stable |
| 10:47 | Bobo · wall_segment Palisade Wall x5 |
| 10:52 | Tame Alpaca · wall_segment Palisade Wall x7 |
| 11:43 | Franonymous · age_up feudal |
| 12:04 | Tame Alpaca · first_building Barracks |
| 12:08 | Amicoloro · wall_segment Palisade Wall x14 |
| 12:11 | Monkey D. Luffy · age_up feudal |
| 12:14 | Bobo · age_up feudal |
| 12:16 | Bobo · wall_segment Palisade Wall x4 |
| 12:17 | Tame Alpaca · wall_segment Palisade Wall x1 |
| 12:28 | Monkey D. Luffy · wall_segment Stone Wall x7 |
| 12:41 | Monkey D. Luffy · wall_segment Stone Wall x7 |
| 12:49 | Cereal Killer · wall_segment Stone Wall x15 |
| 13:15 | Franonymous · wall_segment Palisade Wall x7 |
| 13:33 | Tame Alpaca · age_up feudal |
| 13:40 | Franonymous · first_market_buy 100 food |
| 13:52 | Hatsune_the_Triangle · age_up feudal |
| 13:57 | Franonymous · wall_segment Palisade Wall x5 |
| 14:22 | Cereal Killer · wall_segment Stone Wall x9 |
| 14:47 | Tame Alpaca · wall_segment Palisade Wall x1 |
| 14:47 | Cereal Killer · wall_segment Palisade Wall x19 |
| 14:51 | Cereal Killer · wall_segment Palisade Wall x3 |
| 14:53 | Cereal Killer · wall_segment Palisade Wall x1 |
| 14:54 | Cereal Killer · wall_segment Palisade Wall x1 |
| 14:56 | Cereal Killer · wall_segment Palisade Wall x4 |
| 14:58 | Cereal Killer · wall_segment Palisade Wall x3 |
| 15:01 | Cereal Killer · wall_segment Palisade Wall x4 |
| 15:03 | Cereal Killer · wall_segment Palisade Wall x5 |
| 15:07 | Cereal Killer · wall_segment Palisade Wall x6 |
| 15:32 | Hatsune_the_Triangle · wall_segment Stone Wall x7 |
| 15:38 | Hatsune_the_Triangle · wall_segment Stone Wall x6 |
| 15:49 | Cereal Killer · wall_segment Stone Wall x3 |
| 15:52 | Cereal Killer · wall_segment Stone Wall x1 |
| 15:53 | Cereal Killer · wall_segment Stone Wall x3 |
| 15:57 | Bobo · first_building Archery Range |
| 15:58 | Monkey D. Luffy · first_market_buy 100 wood |
| 16:01 | Cereal Killer · first_market_sell 100 wood |
| 16:02 | Cereal Killer · first_market_buy 100 stone |
| 16:05 | Monkey D. Luffy · first_building Barracks |
| 16:13 | Monkey D. Luffy · first_market_sell 100 food |
| 16:35 | Cereal Killer · age_up castle |
| 16:53 | Franonymous · age_up castle |
| 16:55 | Franonymous · first_building Castle |
| 17:04 | Monkey D. Luffy · first_building Stable |
| 17:06 | Monkey D. Luffy · age_up castle |
| 17:52 | Puerco de Monte · wall_segment Stone Wall x7 |
| 18:02 | Bobo · first_market_sell 100 wood |
| 18:18 | Franonymous · first_building Stable |
| 18:26 | Cereal Killer · first_building Barracks |
| 18:39 | Puerco de Monte · first_market_buy 100 food |
| 18:50 | Amicoloro · first_building Barracks |
| 18:54 | Puerco de Monte · wall_segment Stone Wall x8 |
| 20:17 | Amicoloro · first_market_buy 100 wood |
| 20:34 | Franonymous · first_building Siege Workshop |
| 20:49 | Bobo · age_up castle |
| 20:52 | Bobo · first_building Castle |
| 21:43 | Amicoloro · first_building Stable |
| 21:44 | Puerco de Monte · age_up castle |
| 21:45 | Puerco de Monte · wall_segment Stone Wall x10 |
| 21:55 | Tame Alpaca · first_building Stable |
| 22:00 | Monkey D. Luffy · first_building Castle |
| 22:14 | Tame Alpaca · age_up castle |
| 22:44 | Puerco de Monte · first_building Siege Workshop |
| 22:54 | Puerco de Monte · first_market_sell 100 wood |
| 22:57 | Bobo · first_market_buy 500 stone |
| 22:58 | Tame Alpaca · first_building Siege Workshop |
| 23:17 | Monkey D. Luffy · first_building Monastery |
| 24:53 | Hatsune_the_Triangle · age_up castle |
| 25:03 | Monkey D. Luffy · first_building Siege Workshop |
| 25:23 | Hatsune_the_Triangle · first_market_sell 100 wood |
| 26:01 | Hatsune_the_Triangle · wall_segment Stone Wall x12 |
| 26:39 | Hatsune_the_Triangle · wall_segment Stone Wall x5 |
| 27:11 | Bobo · resign |
[ AI ANALYSIS · 1 CREDIT ]
What really happened in this match?
Wolo.gg analyzes every decision: build order, eco, micro, common mistakes by bracket. Personalized analysis on WhatsApp or Discord in 30 seconds.
Civ guide
Chinese
Perfil
Jugador #18170039